cohdb
Replays
Latest Replays
All Replays
Popular Replays
Top Player Replays
Match Explorer
How It Works
Community
CoH3 Stats
Reddit
Sign in to upload your games and track your stats! →
Sign in with Steam
Match 43898496
Unlisted
Match 43898496
Overview
Messages
Build Orders
End
Construct Infanterie Kompanie
Grenadier Squad
Pioneer Squad
MG 42 Machine Gun Team
GrW 34 Mortar Team
Construct Panzergrenadier Kompanie
Panzergrenadier Squad
GrW 34 Mortar Team
MG 42 Bunker
Support Elements
Panzergrenadier Squad
StuG III G Assault Gun
Pak 40 Anti-tank Gun Team
StuG III G Assault Gun
Pak 40 Anti-tank Gun Team
Pioneer Squad
Construct Panzer Kompanie
Nebelwerfer 42 Rocket Launcher Team
Innos
NEWBEE
robwarrior
imba ☯
0
0
Comments
sign in to comment!
No comments posted yet!